 Dungeon Crawl Stone Soup version 0.24.1-11-gbbbb2193e6 (webtiles) character file.

Game seed: 5331729159548739845, levelgen mode: deterministic

436336 nightchill the Warrior (level 22, -1/209 HPs)
             Began as a Black Draconian Conjurer on May 7, 2020.
             Was a High Priest of Dithmenos.
             Killed from afar by a yellow draconian (3 damage)
             ... with a glob of acid
             ... on level 1 of the Realm of Zot on May 14, 2020.
             The game lasted 13:40:47 (126560 turns).

nightchill the Warrior (Black Draconian Conjurer) Turns: 126560, Time: 13:40:47

Health: -1/209     AC: 16    Str: 13 (16) XL:     22   Next: 62%
Magic:  8/48       EV: 20    Int: 24      God:    Dithmenos [*****.]
Gold:   55         SH:  9    Dex: 21      Spells: 1/56 levels left

rFire    + . .     SeeInvis +   b - staff of wizardry
rCold    . . .     Gourm    .   V - +3 warlock's mirror {reflect}
rNeg     + . .     Faith    .   (armour unavailable)
rPois    +         Spirit   .   v - +2 hat
rElec    +         Reflect  +   C - scarf {repulsion}
rCorr    .         Harm     .   d - +1 pair of gloves {Dex+3}
MR       ++...                  D - +0 pair of boots
Stlth    ++++......             W - amulet "Gimori" {RegenMP rPois rN+ Dex+4}
HPRegen  0.44/turn              k - ring of Hepliaklqana's Scorn {MR+ Dex+2 Slay+4 SInv}
MPRegen  0.56/turn              y - ring of Idecakh {rF+ MP+9 Str+2 Int+2}

@: flying, starving, wreathed by umbra, lightly drained, repel missiles
A: breathe lightning, unfitting armour, big wings, deterioration 1, low mp 1,
electricity resistance, cold-blooded, MP-powered wands, AC +11
}: 3/15 runes: decaying, slimy, gossamer
a: Breathe Lightning, Stop Flying, Shadow Step, Shadow Form, Renounce Religion


You were on level 1 of the Realm of Zot.
You worshipped Dithmenos.
Dithmenos was extremely pleased with you.
You were starving.

You visited 12 branches of the dungeon, and saw 50 of its levels.
You also visited: Bailey.

You collected 6140 gold pieces.
You spent 6085 gold pieces at shops.

Inventory:

Hand Weapons
 a - the +8 hunting sling of Anguish {freeze, rF+}
   (You found it on level 14 of the Dungeon)

   It causes projectiles fired from it to freeze those they strike, causing
   extra injury to most foes and up to half again as much damage against
   particularly susceptible opponents.
   They can also slow down cold-blooded creatures.
   It protects you from fire.
 s - the +7 great mace "Firestarter" {inner flame, rF++}
   (You found it on level 11 of the Dungeon)

   It has been specially enchanted to burn those struck by it, causing extra
   injury to most foes and up to half again as much damage against particularly
   susceptible opponents.
   It greatly protects you from fire.
Missiles
 F - 15 curare-tipped darts (quivered)
Armour
 d - a +1 pair of gloves of dexterity (worn)
 v - a +2 hat (worn)
 C - a scarf of repulsion (worn)
 D - a +0 pair of boots (worn)
 V - the +3 warlock's mirror (worn) {reflect}
   (You found it on level 1 of the Swamp)
Magical Staves
 b - an uncursed staff of wizardry (weapon)
Jewellery
 k - the ring of Hepliaklqana's Scorn (left hand) {MR+ Dex+2 Slay+4 SInv}
   (You bought it in a shop on level 12 of the Dungeon)

   [ring of slaying]

   It affects your dexterity (+2).
   It affects your accuracy and damage with ranged weapons and melee attacks
   (+4).
   It affects your resistance to hostile enchantments.
   It lets you see invisible.
 n - an uncursed amulet of the acrobat
 o - an uncursed ring of protection from cold
 p - an uncursed ring of resist corrosion
 y - the ring of Idecakh (right hand) {rF+ MP+9 Str+2 Int+2}
   (You found it on level 8 of the Dungeon)

   [ring of magical power]

   It affects your strength (+2).
   It affects your intelligence (+2).
   It protects you from fire.
   It affects your magic capacity (+9).
 U - an uncursed ring of protection from magic
 W - the amulet "Gimori" (around neck) {RegenMP rPois rN+ Dex+4}
   (You found it on level 2 of the Depths)

   [amulet of magic regeneration]

   It increases your magic regeneration.
   It affects your dexterity (+4).
   It protects you from poison.
   It protects you from negative energy.
Wands
 j - a wand of enslavement (7)
 l - a wand of disintegration (23)
 z - a wand of digging (19)
 A - a wand of acid (15)
 E - a wand of clouds (21)
 R - a wand of paralysis (8)
 T - a wand of iceblast (58)
 Y - a wand of polymorph (29)
Scrolls
 f - 8 scrolls of teleportation
 g - 7 scrolls of blinking
 q - 2 scrolls of magic mapping
 t - 15 scrolls of remove curse
 x - 4 scrolls of identify
 G - a scroll of immolation
 H - a scroll of torment
 M - 6 scrolls of fear
 S - 8 scrolls of fog
Potions
 c - 6 potions of mutation
 h - 6 potions of lignification
 i - 13 potions of haste
 m - 6 potions of brilliance
 r - 16 potions of curing
 u - 2 potions of invisibility
 w - 3 potions of heal wounds
 B - 11 potions of might
 J - 3 potions of agility
 K - 4 potions of resistance
 N - 2 potions of cancellation
 Z - a potion of magic
Miscellaneous
 e - a lightning rod (4/4)
 I - a crystal ball of energy
 O - 3 sacks of spiders
 Q - a phantom mirror
 X - a lamp of fire
Comestibles
 L - 19 rations


   Skills:
 + Level 19.9(19.5) Fighting
 - Level 10.0(9.7) Dodging
 - Level 1.7(1.5) Stealth
 - Level 4.0(3.7) Shields
 * Level 17.6(17.2) Spellcasting
 - Level 15.2(14.8) Conjurations
   Level 6.0(5.7) Hexes
 - Level 9.1(8.8) Translocations
 - Level 16.6(16.3) Fire Magic
 - Level 17.0(16.7) Air Magic
 - Level 12.0(11.6) Invocations
 + Level 5.7(5.4) Evocations


You had one spell level left.
You knew the following spells:

 Your Spells              Type           Power        Failure   Level  Hunger
a - Dispersal             Tloc           ######....   4%          6    ####...
b - Ignition              Fire           #######...   9%          8    #######
c - Iskenderun's Mystic   Conj           #######.     1%          4    None
e - Chain Lightning       Conj/Air       #######...   11%         8    #######
f - Conjure Flame         Conj/Fire      #######.     0%          3    None
g - Summon Lightning Spi  Summ/Air       ######..     1%          4    None
h - Sticky Flame          Conj/Fire      #######.     1%          4    None
i - Apportation           Tloc           ######       1%          1    None
j - Passage of Golubria   Tloc           N/A          1%          4    None
k - Blink                 Tloc           N/A          1%          2    None
l - Freezing Cloud        Conj/Ice/Air   ######....   2%          6    ####...
m - Iskenderun's Battles  Conj/Chrm      ######..     1%          5    None

Your spell library contained the following spells:

 Spells                   Type           Power        Failure   Level  Hunger
 Flame Tongue             Conj/Fire      #####        0%          1    None
 Magic Dart               Conj           ####         0%          1    None
 Shock                    Conj/Air       ####         0%          1    None
 Animate Skeleton         Necr           N/A          1%          1    None
 Beastly Appendage        Tmut           ###...       1%          1    None
 Confusing Touch          Hex            #####.       1%          1    None
 Corona                   Hex            #####..      1%          1    None
 Infusion                 Chrm           ###.         1%          1    None
 Pain                     Necr           ###.         1%          1    None
 Sandblast                Erth           ###...       1%          1    None
 Sting                    Conj/Pois      ####         1%          1    None
 Summon Small Mammal      Summ           ###.         1%          1    None
 Searing Ray              Conj           ######       0%          2    None
 Throw Flame              Conj/Fire      ######       0%          2    None
 Static Discharge         Conj/Air       #######.     0%          3    None
 Call Imp                 Summ           ###.....     1%          2    None
 Ensorcelled Hibernation  Hex/Ice        ####..       1%          2    None
 Passwall                 Tmut/Erth      ###.....     1%          2    None
 Poisonous Vapours        Pois/Air       ######       1%          2    None
 Shroud of Golubria       Chrm/Tloc      #####.       1%          2    None
 Slow                     Hex            #####...     1%          2    None
 Song of Slaying          Chrm           ###.....     1%          2    None
 Sticks to Snakes         Tmut           ###.....     1%          2    None
 Swiftness                Chrm/Air       ######..     1%          2    None
 Confuse                  Hex            #####...     1%          3    None
 Dazzling Spray           Conj/Hex       ######       1%          3    None
 Gell's Gravitas          Tloc           ######....   1%          3    None
 Inner Flame              Hex/Fire       ######..     1%          3    None
 Lesser Beckoning         Tloc           ######....   1%          3    None
 Mephitic Cloud           Conj/Pois/Air  ######..     1%          3    None
 Portal Projectile        Hex/Tloc       ######       1%          3    None
 Recall                   Summ/Tloc      N/A          1%          3    None
 Spectral Weapon          Hex/Chrm       ####....     1%          3    None
 Stone Arrow              Conj/Erth      ######       1%          3    None
 Summon Guardian Golem    Hex/Summ       ####....     1%          3    None
 Teleport Other           Tloc           ######..     1%          3    None
 Tukima's Dance           Hex            #####...     1%          3    None
 Airstrike                Air            #######...   1%          4    None
 Cause Fear               Hex            #####.....   1%          4    None
 Force Lance              Conj/Tloc      ######..     1%          4    None
 Fulminant Prism          Conj/Hex       ######....   1%          4    None
 Bolt of Magma            Conj/Fire/Erth ######....   1%          5    None
 Fireball                 Conj/Fire      #######...   1%          5    None
 Irradiate                Conj/Tmut      ######....   1%          5    None
 Lightning Bolt           Conj/Air       #######...   1%          5    None
 Silence                  Hex/Air        ######....   1%          5    None
 Venom Bolt               Conj/Pois      ######....   1%          5    None
 Bolt of Fire             Conj/Fire      #######...   1%          6    ####...
 Conjure Ball Lightning   Conj/Air       #######...   1%          6    ####...
 Orb of Destruction       Conj           #######...   1%          7    #####..
 Call Canine Familiar     Summ           ###.....     3%          3    None
 Regeneration             Chrm/Necr      ###.......   3%          3    None
 Spider Form              Tmut/Pois      ###.......   3%          3    None
 Vampiric Draining        Necr           ###.......   3%          3    None
 Leda's Liquefaction      Hex/Erth       ####......   3%          4    None
 Deflect Missiles         Chrm/Air       ######....   5%          6    ####...
 Bolt of Cold             Conj/Ice       ######....   8%          6    ####...
 Iron Shot                Conj/Erth      ######....   8%          6    ####...
 Poison Arrow             Conj/Pois      ######....   8%          6    ####...
 Metabolic Englaciation   Hex/Ice        ####......   9%          5    None
 Yara's Violent Unravell  Hex/Tmut       ####......   9%          5    None
 Animate Dead             Necr           N/A          11%         4    None
 Ice Form                 Ice/Tmut       ###.....     11%         4    None
 Olgreb's Toxic Radiance  Pois           ###.....     11%         4    None
 Petrify                  Tmut/Erth      ###.....     11%         4    None
 Summon Ice Beast         Ice/Summ       ###.....     11%         4    None
 Darkness                 Hex            #####.....   16%         6    ####...
 Invisibility             Hex            #####...     16%         6    ####...
 Blade Hands              Tmut           ###.......   28%         5    None
 Borgnjor's Vile Clutch   Necr/Erth      ###.......   28%         5    None
 Lee's Rapid Deconstruct  Erth           ###.......   28%         5    None
 Ring of Flames           Chrm/Fire      ######....   30%         7    #####..
 Spellforged Servitor     Conj/Summ      ######....   38%         7    #####..
 Tornado                  Air            #######...   69%         9    #######
 Death Channel            Necr           ###.......   82%         6    ####...
 Hydra Form               Tmut           ###.......   82%         6    ####...
 Ozocubu's Refrigeration  Ice            ###.......   82%         6    ####...
 Simulacrum               Ice/Necr       ###.......   82%         6    ####...
 Statue Form              Tmut/Erth      ###......    82%         6    ####...
 Fire Storm               Conj/Fire      #######...   85%         9    #######
 Controlled Blink         Tloc           N/A          86%         8    #######
 Disjunction              Tloc           ######....   86%         8    #######
 Lehudib's Crystal Spear  Conj/Erth      ######....   95%         8    #######
 Discord                  Hex            #####.....   99%         8    #######
 Dragon Form              Tmut           ###.......   100%        7    #####..
 Dragon's Call            Summ           ###.......   100%        9    #######
 Glaciate                 Conj/Ice       ######....   100%        9    #######
 Shatter                  Erth           ###.......   100%        9    #######


Dungeon Overview and Level Annotations

Branches:
Dungeon (15/15)            Temple (1/1) D:5            Lair (6/6) D:11
  Swamp (4/4) Lair:4       Spider (4/4) Lair:3        Slime (5/5) Lair:5
    Orc (2/2) D:9             Elf (2/3) Orc:2        Vaults (4/5) D:14
  Crypt (1/3) Vaults:3     Depths (5/5) D:15            Zot (1/5) Depths:5
 Bailey (visited)

Altars:
Ashenzari
Dithmenos
Fedhas
Gozag
Hepliaklqana
Kikubaaqudgha
Makhleb
Okawaru
Qazlal
Trog
Uskayaw
Xom
Yredelemnul
Jiyva
Lugonu

Shops:
D:6 }}   D:10 [   D:12 =   Orc:2 [[[   Elf:2 :   Vaults:1 ?   Depths:1 =}=
Depths:3 !

Portals:
Hell: Depths:1 Depths:2 Depths:3 Depths:4 Depths:5
Abyss: Depths:1 Depths:4
Pandemonium: Depths:3 Depths:4 Depths:5
Ziggurat: Depths:5

Annotations:
D:1 exclusion: 3 downstairs
D:2 exclusion: downstairs
D:3 Sigmund
D:4 exclusion: downstairs
D:6 exclusion: downstairs
D:7 exclusion: downstairs
D:8 exclusion: downstairs
D:10 off to kill a dragon...., exclusion: downstairs
D:11 !invis and flip dragon, exclusion: downstairs
D:13 exclusion: downstairs
D:14 exclusion: 2 downstairs
D:15 1 exclusion
Lair:1 3 runed translucent doors, Kendiley23's ghost, journeyman MiBe
Lair:2 exclusion: 2 downstairs
Lair:3 exclusion: 2 downstairs
Lair:4 exclusion: downstairs
Swamp:1 1 exclusion, Gwenloh's ghost, adept GrFi
Swamp:2 1 exclusion
Swamp:3 exclusion: 2 downstairs
Spider:2 !frances major danger
Spider:3 3 exclusions
Spider:4 Mara
Orc:1 2 transporters, exclusion: downstairs, Potutehi's ghost, journeyman DDFi
Elf:1 6 runed translucent doors, exclusion: downstairs
Vaults:1 exclusion: downstairs
Vaults:2 3 exclusions, Mennas
Vaults:3 !skull :(, exclusion: upstairs
Vaults:4 !ghost, exclusion: 4 downstairs, SpeedRobin's ghost, adept DDFi
Depths:1 1 runed translucent door, exclusions: door and 1 more exclusion
Depths:2 2 transporters !split level
Depths:3 1 exclusion
Depths:4 zot, exclusion: obsidian statue


Innate Abilities, Weirdness & Mutations

You can breathe wild blasts of lightning.
Your glossy black scales are hard. (AC +11)
You cannot fit into any form of body armour.
Your large and strong wings let you fly indefinitely.
You are resistant to electric shocks. (rElec)
You are cold-blooded and may be slowed by cold attacks.
Your body sometimes deteriorates upon taking damage.
Your magical capacity is low. (-10% MP)
You expend magic power (3 MP) to strengthen your wands.


Message History

The quicksilver dragon claws you!
* * * LOW HITPOINT WARNING * * *
The black draconian monk closely misses you.
The black draconian monk kicks you but does no damage.
The black draconian monk tail-slaps you but does no damage.
The quicksilver dragon closely misses you. x2
You feel much better.
You block the quicksilver dragon's attack.
The quicksilver dragon barely misses you.
The red draconian annihilator mumbles some strange words.
The red draconian annihilator blinks!
The quicksilver dragon bites you!
* * * LOW HITPOINT WARNING * * *
The quicksilver dragon closely misses you.
The black draconian monk hits you!
* * * LOW HITPOINT WARNING * * *
The black draconian monk misses you.
You block the black draconian monk's attack.
The yellow draconian throws acid at you.
The glob of acid hits you.
You die...

##################
#......q..........
##..#####..........
.'..#≈≈≈#..........
#..#≈≈≈#..........
#..#≈≈≈#D.........
#..#####§@..q.....
#......dDqd.......
###'#####d.d......
'.........
##d........
#.....^...
#.d......[
#.q...... .......


You could see a black draconian monk, a black draconian, 3 draconians, 2
draconians, 2 quicksilver dragons and 3 draconians.

Vanquished Creatures
  the Royal Jelly (Slime:5)
  A juggernaut (Depths:5)
  Sojobo (Vaults:1)
  A golden dragon (Depths:5)
  A Tzitzimitl (Depths:3)
  The ghost of Tungsten the Naga Aeon, an adept NaWz of Cheibriados (Vaults:1)
  3 tentacled monstrosities
  A deep elf master archer (Vaults:1)
  2 titans
  19 acid blobs
  2 death cobs (Zot:1)
  A sphinx (shapeshifter) (Depths:4)
  Kirke (Spider:2)
  4 tengu reavers
  Roxanne (Spider:3)
  2 shadow dragons
  10 azure jellies (Slime:5)
  3 storm dragons
  7 fire giants
  3 draconian knights
  5 vault wardens
  3 ghost moths (Spider:4)
  5 frost giants
  A draconian scorcher (Zot:1)
  2 orc warlords (Vaults:1)
  A draconian shifter (Zot:1)
  3 emperor scorpions
  A spriggan defender (Depths:3)
  11 war gargoyles
  24 very ugly things
  3 draconian annihilators
  8 stone giants
  5 green draconians
  9 ironheart preservers
  A vampire knight (Depths:5)
  A black draconian (Depths:5)
  4 purple draconians (Zot:1)
  2 entropy weavers
  A deep elf annihilator (Elf:1)
  A yellow draconian (Depths:5)
  3 red draconians
  4 deep elf demonologists
  8 spark wasps
  2 white draconians
  Snorg (Lair:4)
  6 death oozes
  3 ettins
  12 crystal guardians (Depths:4)
  2 blizzard demons (Depths:4)
  3 deep elf high priests
  6 fire dragons
  3 jiangshi
  Fannar (Lair:1)
  A naga warrior (Vaults:1)
  7 rakshasas
  9 yaktaur captains
  A ghost crab (Swamp:4)
  7 great orbs of eyes
  13 ice dragons
  10 hydras
  3 spriggan air magi (Depths:1)
  5 vault guards
  4 centaur warriors
  14 ogre magi
  41 dancing weapons
  2 death knights
  29 two-headed ogres
  17 alligators
  2 tengu warriors
  5 deep troll shamans
  2 vampire magi
  Urug (Lair:3)
  3 deep troll earth magi
  An orc high priest (Elf:1)
  Sonja (Lair:3)
  3 spriggan berserkers (Depths:5)
  23 deep elf knights
  3 iron trolls
  An iron golem (Depths:4)
  7 hell knights
  5 skeletal warriors
  A swamp dragon (Swamp:3)
  18 deep trolls
  2 spriggan druids (Swamp:4)
  7 unseen horrors
  A flayed ghost (Vaults:4)
  6 glowing orange brains
  9 wizards
  14 deep elf archers
  3 obsidian statues (Depths:4)
  A harpy (Vaults:1)
  13 orc knights
  A phantasmal warrior (D:14)
  5 orb spiders
  Pikel (D:6)
  An orb spider (shapeshifter) (Depths:4)
  32 deep elf magi
  2 harpies (shapeshifter)
  7 ironbrand convokers
  A tengu skeleton (Vaults:3)
  2 manticores
  29 ugly things
  8 cyclopes
  A wolf spider zombie (D:15)
  5 shining eyes
  5 necromancers
  2 cyclopes (shapeshifter)
  3 orc sorcerers
  A stone giant zombie (Vaults:3)
  2 statues (D:15)
  12 wolf spiders
  5 moths of wrath
  2 manticores (shapeshifter) (Depths:4)
  2 guardian serpents (shapeshifter)
  3 black mambas
  A fire giant skeleton (Depths:2)
  3 centaur zombies
  2 eyes of devastation
  An elephant (shapeshifter) (Depths:4)
  5 molten gargoyles (Depths:4)
  An eye of devastation (shapeshifter) (Vaults:1)
  A torpor snail (shapeshifter) (Depths:4)
  A torpor snail (Spider:3)
  5 gargoyles
  6 vault sentinels
  13 spiny frogs
  5 centaur skeletons
  11 rime drakes (Lair:3)
  6 freezing wraiths
  A kobold demonologist (D:12)
  2 tengu conjurers (Depths:5)
  21 yaktaurs
  4 komodo dragons
  A yaktaur (shapeshifter) (Depths:2)
  10 demonic crawlers
  2 ice devils (D:11)
  A yaktaur skeleton (Vaults:3)
  11 trolls
  13 jumping spiders
  2 wind drakes (Depths:4)
  A polar bear (Lair:6)
  22 hornets
  13 blink frogs
  9 bog bodies
  7 tyrant leeches
  A human simulacrum (Vaults:1)
  A dream sheep (shapeshifter) (Depths:4)
  A hippogriff (shapeshifter) (Vaults:4)
  83 slime creatures
  8 dream sheep
  9 hippogriffs
  5 air elementals
  43 redbacks
  A shadow (D:14)
  8 water elementals
  A wraith (D:14)
  15 spriggans
  15 tarantellas
  3 tarantellas (shapeshifter)
  2 fire bats (shapeshifter)
  13 wyverns
  A hog (Spider:2)
  A yak (shapeshifter) (Depths:4)
  25 yaks
  5 fire bats
  3 fire elementals (Depths:4)
  3 humans (D:14)
  2 basilisks (shapeshifter)
  26 vampire mosquitoes
  A hungry ghost (D:7)
  4 steam dragons
  3 swamp worm simulacra (Swamp:4)
  10 wargs
  An acid dragon (shapeshifter) (Depths:4)
  10 insubstantial wisps
  18 water moccasins
  12 swamp worms
  9 hydra simulacra (Swamp:4)
  A floating eye (Slime:4)
  Duvessa (D:6)
  An acid dragon (Vaults:2)
  6 porcupines
  A floating eye (shapeshifter) (Depths:4)
  32 orc warriors
  6 swamp drakes
  An ice beast (D:11)
  An elephant zombie (Lair:5)
  A slave (D:6)
  11 sky beasts
  3 phantoms
  3 black bears
  2 eyes of draining
  A black bear (shapeshifter) (Vaults:2)
  An eye of draining (shapeshifter) (Depths:4)
  A boggart (shapeshifter) (Depths:4)
  16 centaurs
  54 ogres
  A necrophage (D:8)
  A wolf (Vaults:2)
  9 boggarts
  2 human skeletons (Vaults:3)
  12 crocodiles
  A big kobold (shapeshifter) (Depths:4)
  3 big kobolds
  29 bullfrogs
  A gnoll sergeant (D:9)
  Blork the orc (D:5)
  12 earth elementals
  A cyclops zombie (Crypt:1)
  3 wyvern skeletons
  4 scorpions
  Dowan (D:6)
  3 killer bees (D:8)
  10 electric eels
  4 howler monkeys
  8 crimson imps
  2 basilisk zombies (Lair:5)
  3 hounds
  6 jellies
  Crazy Yiuf (D:6)
  4 bullfrog skeletons
  22 orc priests
  Terence (D:1)
  6 iguanas
  Natasha (thrice) (D:2)
  42 orc wizards
  8 worker ants
  4 lightning spires (Depths:1)
  A hound zombie (D:5)
  A howler monkey zombie (D:10)
  A worker ant zombie (D:11)
  Robin (D:2)
  A gnoll (shapeshifter) (Depths:4)
  15 adders
  16 gnolls
  A shadow imp (D:7)
  5 swamp drake simulacra (Swamp:4)
  An ufetubus (Vaults:2)
  5 oozes
  5 ball lightnings (Depths:4)
  4 dart slugs
  5 leopard geckos
  113 orcs
  3 ball pythons
  2 giant cockroaches (D:1)
  13 goblins
  8 hobgoblins
  10 jackals
  5 quokkas
  5 bats
  4 frilled lizards
  21 kobolds
  A leopard gecko skeleton (D:8)
  A quokka skeleton (D:7)
  6 rats
  3 bushes (D:15)
  4 fulminant prisms
  4 fungi
  2 plants
1779 creatures vanquished.

Vanquished Creatures (collateral kills)
  Frances (Spider:2)
  A sphinx (Vaults:1)
  A fire giant (Depths:3)
  A frost giant (Vaults:4)
  2 emperor scorpions (Spider:4)
  Louise (Spider:4)
  A vault warden (Vaults:2)
  4 stone giants
  3 very ugly things
  A yellow draconian (Zot:1)
  2 red draconians (Zot:1)
  A deep elf death mage (Vaults:4)
  2 ettins
  3 fire dragons
  2 great orbs of eyes (Vaults:2)
  A deep elf high priest (Elf:1)
  6 ice dragons
  3 yaktaur captains
  A vault guard (D:14)
  6 hydras
  A death knight (D:14)
  A centaur warrior (Vaults:1)
  3 alligators
  2 tengu warriors
  12 two-headed ogres
  A deep troll earth mage (Depths:3)
  6 deep elf knights
  An iron troll (Depths:1)
  A spark wasp zombie (Depths:2)
  A deep troll (Vaults:1)
  6 deep elf archers
  3 swamp dragons
  A flayed ghost (Depths:1)
  A glowing orange brain (Vaults:2)
  4 orc knights
  An ironbrand convoker (Vaults:1)
  3 orc sorcerers
  9 deep elf magi
  2 orb spiders
  9 ugly things
  8 wolf spiders
  5 black mambas
  A molten gargoyle (Depths:4)
  A vault sentinel (Vaults:1)
  A torpor snail (Spider:2)
  5 spiny frogs
  A guardian serpent (Lair:6)
  A centaur skeleton (D:15)
  4 freezing wraiths
  5 yaktaurs
  A golden dragon simulacrum (Depths:2)
  2 rime drakes (Lair:3)
  A komodo dragon (Lair:6)
  A kobold demonologist (D:12)
  3 demonic crawlers
  A troll (shapeshifter) (Elf:2)
  3 hornets
  6 jumping spiders
  4 tyrant leeches
  2 bog bodies (Lair:4)
  A hippogriff (Lair:5)
  8 slime creatures
  6 blink frogs
  8 dream sheep (Lair:4)
  A spriggan (Swamp:4)
  A shadow (D:11)
  A vampire (D:12)
  A water elemental (Elf:1)
  17 redbacks
  4 humans (D:14)
  8 yaks
  2 tarantellas (Spider:4)
  2 wyverns (Lair:6)
  A wraith (Vaults:1)
  A hungry ghost (D:15)
  5 steam dragons (Lair:3)
  7 vampire mosquitoes
  A soldier ant (D:12)
  6 swamp worms
  A warg (Vaults:4)
  4 water moccasins
  A porcupine (Lair:1)
  5 hydra simulacra (Swamp:4)
  13 orc warriors
  An ice beast (D:12)
  A swamp drake (Swamp:2)
  An elephant zombie (Lair:5)
  A necrophage (D:14)
  3 ogres
  3 centaurs
  A torpor snail zombie (Crypt:1)
  2 crocodiles
  2 bullfrogs
  A wyvern skeleton (D:15)
  A jelly (D:11)
  An orc priest (D:11)
  A worker ant (D:11)
  A demigod zombie (Crypt:1)
  An adder (D:12)
  A shadow imp (D:13)
  2 oozes (D:11)
  17 orcs
  2 fungi
315 creatures vanquished.

Vanquished Creatures (others)
  A yaktaur captain (Depths:3)
  A deep elf mage (Elf:2)
  A cyclops (D:11)
  10 yaktaurs
  An air elemental (Depths:4)
  4 water elementals (Depths:4)
  A tarantella (Spider:2)
  A fire elemental (Depths:4)
  3 humans
  A worker ant (D:6)
  8 ball lightnings (Depths:4)
  2 orcs
  A bush (D:15)
  344 fulminant prisms
  23 fungi
  15 plants
  2 withered plants (Crypt:1)
419 creatures vanquished.

Grand Total: 2513 creatures vanquished

Notes
Turn   | Place    | Note
-------+----------+-------------------------------------------
     0 | D:1      | nightchill the Draconian Conjurer began the quest for the
                  | Orb.
     0 | D:1      | Reached XP level 1. HP: 14/14 MP: 3/3
   411 | D:1      | Reached XP level 2. HP: 22/22 MP: 0/5
   468 | D:1      | Learned a level 2 spell: Searing Ray
   634 | D:1      | Reached skill level 1 in Fighting
   895 | D:1      | Reached XP level 3. HP: 28/28 MP: 0/6
  1820 | D:2      | Noticed Terence
  2170 | D:2      | Noticed Natasha
  2297 | D:1      | Reached XP level 4. HP: 10/36 MP: 1/7
  2621 | D:1      | Killed Terence
  2621 | D:1      | Reached skill level 2 in Fighting
  2621 | D:1      | Reached skill level 5 in Conjurations
  2741 | D:2      | Learned a level 4 spell: Iskenderun's Mystic Blast
  2758 | D:2      | Killed Natasha
  2874 | D:2      | Noticed Natasha
  2901 | D:2      | Reached XP level 5. HP: 42/42 MP: 5/9
  2914 | D:2      | Killed Natasha
  3213 | D:2      | Noticed Natasha
  3219 | D:2      | Killed Natasha
  3252 | D:2      | Noticed Robin
  3491 | D:2      | Killed Robin
  4072 | D:3      | Reached skill level 3 in Fighting
  4236 | D:3      | Found a shadowy altar of Dithmenos.
  4376 | D:3      | Became a worshipper of Dithmenos the Shadowed
  4452 | D:3      | Reached XP level 6. HP: 51/51 MP: 8/11
  4511 | D:3      | Noticed Sigmund
  5517 | D:4      | Learned a level 4 spell: Fulminant Prism
  5861 | D:5      | Entered Level 5 of the Dungeon
  5861 | D:5      | Found a shadowy altar of Dithmenos.
  5871 | D:5      | Your scales start taking on a glossy black colour.
  5871 | D:5      | Reached XP level 7. HP: 28/58 MP: 0/12
  5871 | D:5      | Gained mutation: You are resistant to electric shocks.
                  | (rElec) [Black Draconian growth]
  6030 | D:5      | Reached skill level 1 in Hexes
  6054 | D:5      | Found a staircase to the Ecumenical Temple.
  6120 | Temple   | Entered the Ecumenical Temple
  6574 | D:5      | Reached skill level 4 in Fighting
  7387 | D:5      | Noticed Blork the orc
  7490 | D:5      | Killed Blork the orc
  7490 | D:5      | Reached XP level 8. HP: 42/67 MP: 1/14
  8399 | D:6      | Found Utitt's Gadget Shoppe.
  8483 | D:6      | Gained mutation: Your body sometimes deteriorates upon
                  | taking damage. [mutagenic glow]
  8512 | D:6      | Reached skill level 5 in Fighting
  8595 | D:6      | Reached * piety under Dithmenos
  8595 | D:6      | Noticed Dowan
  8704 | D:6      | Found Besmyaj's Gadget Emporium.
  8985 | D:6      | Noticed Duvessa
  8991 | D:6      | Killed Dowan
  9003 | D:6      | Killed Duvessa
  9003 | D:6      | Reached skill level 5 in Spellcasting
  9471 | D:6      | Found a runed translucent door.
  9472 | D:6      | Noticed Crazy Yiuf
  9480 | D:6      | Killed Crazy Yiuf
  9723 | D:6      | Found an iron altar of Okawaru.
  9725 | D:6      | Noticed Pikel
  9730 | D:6      | Killed Pikel
  9730 | D:6      | Reached skill level 5 in Hexes
  9730 | D:6      | Reached XP level 9. HP: 60/75 MP: 14/16
 10042 | D:7      | Reached skill level 6 in Fighting
 10448 | D:7      | Found an opulent altar of Gozag.
 10448 | D:7      | Found a shimmering altar of Xom.
 10491 | D:7      | Reached ** piety under Dithmenos
 12434 | D:8      | Reached XP level 10. HP: 57/84 MP: 0/19
 12656 | D:8      | Reached skill level 10 in Conjurations
 12722 | D:8      | Reached skill level 7 in Fighting
 13573 | D:8      | Got a crude gossamer ring
 13666 | D:8      | Reached *** piety under Dithmenos
 13876 | D:9      | Learned a level 3 spell: Mephitic Cloud
 13880 | D:9      | Learned a level 3 spell: Conjure Flame
 13946 | D:9      | Found a burning altar of Makhleb.
 14607 | D:9      | Reached skill level 1 in Invocations
 14788 | D:9      | Found a staircase to the Orcish Mines.
 15540 | D:9      | Identified the ring of Idecakh {rF+ MP+9 Str+2 Int+2} (You
                  | found it on level 8 of the Dungeon)
 15625 | D:10     | Entered Level 10 of the Dungeon
 15943 | D:10     | Reached skill level 1 in Shields
 15998 | D:10     | Noticed a gargoyle
 16031 | D:10     | Killed a gargoyle
 16031 | D:10     | Reached skill level 8 in Fighting
 16246 | D:10     | Killed an unseen horror
 16303 | D:10     | Reached **** piety under Dithmenos
 16454 | D:10     | Noticed a cyclops
 16464 | D:10     | Killed a cyclops
 16464 | D:10     | Reached XP level 11. HP: 56/95 MP: 22/22
 17299 | D:10     | Found Lonnirea's Antique Armour Emporium.
 18425 | D:11     | Noticed a fire dragon
 18436 | D:11     | Noticed a green ugly thing
 18670 | Orc:1    | Entered Level 1 of the Orcish Mines
 18678 | Orc:1    | Noticed an orc sorcerer
 18690 | D:9      | Killed an orc sorcerer
 18902 | Orc:1    | Reached skill level 9 in Fighting
 19085 | Orc:1    | Reached ***** piety under Dithmenos
 19201 | Orc:1    | You fall into a shaft and drop 1 floor!
 19201 | Orc:2    | Entered Level 2 of the Orcish Mines
 19214 | Orc:2    | Noticed an orc knight
 19485 | Orc:1    | Found a transporter.
 19493 | Orc:1    | Found a transporter.
 19505 | Orc:1    | Noticed a two-headed ogre
 19505 | Orc:1    | Identified the +3 morningstar of Diythrak {freeze, rF+}
 19505 | Orc:1    | Noticed an orc warlord
 19506 | Orc:1    | Noticed Potutehi's ghost (journeyman DDFi)
 19507 | Orc:1    | Noticed a two-headed ogre
 19508 | Orc:1    | Identified the +3 great mace of Anguish {drain, +Rage rElec
                  | rC- Str+8}
 19508 | Orc:1    | Identified the ring "Magot" {MP+9 Int+3}
 19508 | Orc:1    | Noticed an orc knight
 20093 | Orc:1    | Found a bloodstained altar of Trog.
 20123 | Orc:2    | Found Atoec Izof's Antique Armour Emporium.
 20123 | Orc:2    | Noticed an ogre mage
 20123 | Orc:2    | Noticed a two-headed ogre
 20123 | Orc:2    | Noticed a two-headed ogre
 20124 | Orc:2    | Noticed a two-headed ogre
 20126 | Orc:2    | Noticed a two-headed ogre
 20174 | Orc:1    | Killed an orc knight
 20384 | Orc:2    | Noticed a deep troll
 20395 | Orc:2    | Killed a deep troll
 20563 | Orc:2    | Noticed a two-headed ogre
 20569 | Orc:1    | Killed a two-headed ogre
 20738 | Orc:2    | Noticed a two-headed ogre
 20799 | Orc:2    | Noticed a two-headed ogre
 20813 | Orc:1    | Killed a two-headed ogre
 20972 | Orc:1    | Killed a two-headed ogre
 20972 | Orc:1    | Reached skill level 5 in Dodging
 20972 | Orc:1    | Reached XP level 12. HP: 79/105 MP: 17/24
 20986 | Orc:1    | Killed a two-headed ogre
 21159 | Orc:2    | Killed a two-headed ogre
 21518 | Orc:2    | Killed an ogre mage
 21518 | Orc:2    | Reached skill level 10 in Fighting
 21681 | Orc:1    | Killed a two-headed ogre
 21802 | Orc:2    | Found Teemaos's Armour Shoppe.
 21803 | Orc:2    | Found Salier's Armour Shop.
 22007 | Orc:2    | Noticed a two-headed ogre
 22020 | Orc:1    | Reached skill level 5 in Invocations
 22323 | Orc:2    | Killed a two-headed ogre
 22632 | Orc:2    | Found a staircase to the Elven Halls.
 22666 | Orc:2    | Noticed an ogre mage
 22686 | Orc:1    | Killed a two-headed ogre
 22839 | Orc:2    | Killed an ogre mage
 22960 | Orc:2    | Found Awuaf's Food Shoppe.
 23071 | Orc:2    | Learned a level 4 spell: Summon Lightning Spire
 23520 | D:10     | Bought a pair of faintly humming boots for 285 gold pieces
 23530 | D:10     | Identified the +2 pair of boots of Xunoam {-Cast Regen+
                  | rCorr} (You bought it in a shop on level 10 of the Dungeon)
 23596 | D:11     | Found the +7 great mace "Firestarter" {inner flame, rF++}
 23603 | D:11     | Reached skill level 1 in Air Magic
 23667 | D:11     | Learned a level 4 spell: Sticky Flame
 23746 | D:10     | Reached skill level 1 in Fire Magic
 24282 | D:11     | Found a staircase to the Lair.
 24394 | Lair:1   | Entered Level 1 of the Lair of Beasts
 24586 | Lair:1   | Noticed Fannar
 24602 | Lair:1   | Killed Fannar
 24663 | Lair:1   | Reached XP level 13. HP: 114/114 MP: 13/26
 24847 | Lair:1   | Noticed Kendiley23's ghost (journeyman MiBe)
 24847 | Lair:1   | Noticed a minotaur
 24889 | Lair:1   | Found a runed translucent gate.
 24889 | Lair:1   | Found a runed translucent gate.
 24889 | Lair:1   | Found a runed translucent gate.
 25939 | Lair:2   | Learned a level 1 spell: Apportation
 27589 | Lair:3   | Noticed Sonja
 27594 | Lair:3   | Killed Sonja
 27749 | Lair:3   | Reached skill level 5 in Fire Magic
 28163 | Lair:3   | Reached skill level 11 in Fighting
 28172 | Lair:3   | Reached skill level 5 in Air Magic
 28928 | Lair:3   | Found a hole to the Spider Nest.
 29271 | Lair:4   | Noticed Snorg
 29319 | Lair:4   | Killed Snorg
 30750 | Lair:4   | Reached skill level 10 in Spellcasting
 30975 | Lair:4   | Found a staircase to the Swamp.
 31520 | Lair:5   | Reached ****** piety under Dithmenos
 32692 | Lair:5   | Found a staircase to the Slime Pits.
 33412 | Lair:6   | Entered Level 6 of the Lair of Beasts
 33542 | Lair:6   | Found an opulent altar of Gozag.
 33588 | Lair:6   | Gained mutation: Your large and strong wings let you fly
                  | indefinitely. [Black Draconian growth]
 33588 | Lair:6   | Reached XP level 14. HP: 124/124 MP: 28/28
 34793 | Lair:6   | Reached skill level 10 in Fire Magic
 35026 | Lair:6   | Reached skill level 1 in Evocations
 37809 | D:12     | Found an iron altar of Okawaru.
 37814 | D:12     | Found Umuivvodd's Jewellery Boutique.
 38296 | D:12     | Reached skill level 12 in Fighting
 39088 | D:12     | Learned a level 4 spell: Cause Fear
 39367 | D:12     | Identified the Almanac of Axaxaxas mlö
 39375 | D:12     | Identified the Papyrus of Combed Thunderclap (You found it
                  | on level 12 of the Dungeon)
 39401 | D:12     | Identified Ts'ui Pên's Tome of Forking Paths (You found it
                  | on level 12 of the Dungeon)
 40363 | D:13     | Found a flagged portal.
 40378 | Bailey   | Entered a bailey
 41074 | Bailey   | Learned a level 2 spell: Blink
 43515 | D:14     | Got a fine hunting sling
 43516 | D:14     | Identified the +8 hunting sling of Anguish {freeze, rF+}
                  | (You found it on level 14 of the Dungeon)
 44028 | D:14     | Found a gate to the Vaults.
 44195 | D:14     | Found a shattered altar of Ashenzari.
 44820 | D:14     | Reached skill level 10 in Invocations
 45013 | D:15     | Entered Level 15 of the Dungeon
 45023 | D:15     | Reached XP level 15. HP: 126/134 MP: 24/30
 46790 | D:15     | Found a staircase to the Depths.
 47405 | Lair:3   | Noticed Urug
 47422 | Lair:3   | Killed Urug
 47508 | Swamp:1  | Entered Level 1 of the Swamp
 50154 | Swamp:1  | Found a runed translucent gate.
 50157 | Swamp:1  | Found a runed translucent gate.
 50158 | Swamp:1  | Found a runed translucent gate.
 50161 | Swamp:1  | Noticed Gwenloh's ghost (adept GrFi)
 50192 | Swamp:1  | Found a hazy altar of Hepliaklqana.
 50249 | Swamp:1  | Reached skill level 13 in Fighting
 50345 | Swamp:1  | Found the +3 warlock's mirror {reflect}
 51739 | Swamp:2  | Upgraded the game from 0.24.1-8-ga250c9d538 to
                  | 0.24.1-11-gbbbb2193e6
 52267 | Swamp:2  | Learned a level 4 spell: Passage of Golubria
 53308 | Swamp:3  | Reached skill level 1 in Translocations
 55325 | Swamp:3  | Noticed a tentacled monstrosity
 55352 | Swamp:3  | Killed a tentacled monstrosity
 55693 | Swamp:4  | Entered Level 4 of the Swamp
 56253 | Swamp:4  | Reached XP level 16. HP: 144/144 MP: 28/31
 60399 | Swamp:4  | Got a decaying rune of Zot
 60928 | Spider:1 | Entered Level 1 of the Spider Nest
 62862 | Spider:2 | Noticed Kirke
 62894 | Spider:2 | Killed Kirke
 62894 | Spider:2 | Reached skill level 14 in Fighting
 63545 | Spider:2 | Noticed Frances
 63854 | Spider:2 | Reached skill level 10 in Air Magic
 64072 | Spider:2 | Killed Frances
 64799 | Spider:3 | Noticed Roxanne
 66838 | Spider:3 | Killed Roxanne
 66886 | Spider:4 | Entered Level 4 of the Spider Nest
 67441 | D:12     | Bought the ring of Hepliaklqana's Scorn {MR+ Dex+2 Slay+4
                  | SInv} for 990 gold pieces
 69155 | Spider:4 | Noticed Louise
 69173 | Spider:4 | Killed Louise
 69808 | Spider:4 | Noticed Mara
 69864 | Spider:3 | Reached skill level 10 in Dodging
 70354 | Elf:1    | Entered Level 1 of the Elven Halls
 70678 | Orc:1    | Learned a level 6 spell: Freezing Cloud
 71348 | Spider:4 | Reached XP level 17. HP: 131/154 MP: 29/33
 72455 | Spider:4 | Got a gossamer rune of Zot
 72767 | Vaults:1 | Entered Level 1 of the Vaults
 74126 | Vaults:1 | Reached skill level 15 in Fighting
 75638 | Vaults:1 | Found a runed translucent gate.
 75639 | Vaults:1 | Found a runed translucent gate.
 75650 | Vaults:1 | Found a runed translucent gate.
 77502 | Vaults:1 | Found Pohad's Magic Scroll Emporium.
 78688 | Vaults:1 | Noticed a deep elf master archer
 78905 | Vaults:1 | Noticed Tungsten's ghost (adept NaWz)
 78909 | Vaults:1 | Identified the +5 demon trident of Distraction {venom,
                  | +Blink rElec}
 78909 | Vaults:1 | Identified the cursed -8 robe of Divine Intervention
                  | {Int+5}
 79499 | Vaults:2 | Noticed Sojobo
 81004 | Elf:1    | Noticed a Hell Sentinel
 81989 | Elf:1    | Found a runed translucent gate.
 81989 | Elf:1    | Found a runed translucent gate.
 81989 | Elf:1    | Found a runed translucent gate.
 81989 | Elf:1    | Found a runed translucent gate.
 81989 | Elf:1    | Found a runed translucent gate.
 81990 | Elf:1    | Found a runed translucent gate.
 82211 | Elf:1    | Reached XP level 18. HP: 166/166 MP: 34/35
 82550 | Elf:2    | Got a brightly glowing dagger
 82556 | Elf:2    | Identified the +6 dagger of Terror {pain, Fragile rPois rC+
                  | MR+} (You found it on level 2 of the Elven Halls)
 82670 | Elf:2    | Learned a level 1 spell: Shock
 82694 | Elf:2    | Reached skill level 16 in Fighting
 83610 | Elf:2    | Found a huge runed translucent gate.
 83610 | Elf:2    | Found a huge runed translucent gate.
 83610 | Elf:2    | Found a huge runed translucent gate.
 83610 | Elf:2    | Found a huge runed translucent gate.
 83610 | Elf:2    | Found a huge runed translucent gate.
 84288 | Elf:2    | Found Lankaale's Book Emporium.
 84296 | Elf:2    | Bought a book of the Tempests for 1330 gold pieces
 88898 | Vaults:2 | Noticed Mennas
 88965 | Vaults:1 | Learned a level 4 spell: Airstrike
 89034 | Vaults:1 | Found a runed translucent gate.
 89034 | Vaults:1 | Found a runed translucent gate.
 89101 | Vaults:1 | Killed Sojobo
 89307 | Vaults:1 | Found Pohad's Magic Scroll Emporium.
 89974 | Vaults:3 | Found a hide-covered altar of Uskayaw.
 90592 | Vaults:3 | Found a staircase to the Crypt.
 90592 | Vaults:3 | Found a basalt altar of Yredelemnul.
 90594 | Vaults:3 | Found an ancient bone altar of Kikubaaqudgha.
 91327 | Vaults:3 | Reached XP level 19. HP: 174/174 MP: 37/37
 92344 | Vaults:3 | Reached skill level 17 in Fighting
 94921 | Vaults:4 | Found a large runed translucent door.
 94921 | Vaults:4 | Found a large runed translucent door.
 94921 | Vaults:4 | Found a large runed translucent door.
 94921 | Vaults:4 | Found a large runed translucent door.
 94921 | Vaults:4 | Found a large runed translucent door.
 94921 | Vaults:4 | Found a large runed translucent door.
 94921 | Vaults:4 | Found a large runed translucent door.
 94921 | Vaults:4 | Found a large runed translucent door.
 94921 | Vaults:4 | Noticed SpeedRobin's ghost (adept DDFi)
 95035 | Vaults:4 | Reached skill level 15 in Spellcasting
 97433 | Depths:1 | Entered Level 1 of the Depths
 97553 | Depths:1 | Found a corrupted altar of Lugonu.
 97557 | Depths:1 | Found a one-way gate to the infinite horrors of the Abyss.
 97660 | Depths:1 | Found a gateway to Hell.
 98199 | Depths:1 | Reached skill level 15 in Fire Magic
 99341 | Depths:1 | Found Gautinn's Jewellery Emporium.
 99341 | Depths:1 | Found Cebu's Gadget Boutique.
 99342 | Depths:1 | Found Kyamuddo's Jewellery Emporium.
 99451 | Depths:1 | Learned a level 8 spell: Ignition
 99578 | Depths:1 | Found a runed translucent door.
100031 | Depths:2 | Identified the amulet "Gimori" {RegenMP rPois rN+ Dex+4}
                  | (You found it on level 2 of the Depths)
100805 | Depths:2 | Found a transporter.
101044 | Depths:2 | Reached XP level 20. HP: 187/187 MP: 39/39
101727 | Depths:2 | Found a transporter.
102226 | Depths:3 | Reached skill level 18 in Fighting
102359 | Depths:3 | Found Wujuxysa's Distillery.
102734 | Depths:3 | Found a one-way gate leading to the halls of Pandemonium.
105064 | Depths:3 | Reached skill level 15 in Air Magic
105531 | Depths:3 | Found a stormy altar of Qazlal.
108721 | Depths:4 | Noticed a golden dragon
108722 | Depths:4 | a golden dragon changed into an iron dragon
108723 | Depths:4 | Noticed a golden dragon
108723 | Depths:4 | an iron dragon changed into a golden dragon
108731 | Depths:4 | a golden dragon changed into an acid blob
108736 | Depths:4 | Noticed a caustic shrike
108736 | Depths:4 | an iron dragon changed into a caustic shrike
108740 | Depths:4 | Noticed a golden dragon
108740 | Depths:4 | a caustic shrike changed into a golden dragon
108744 | Depths:4 | a golden dragon changed into an iron dragon
108749 | Depths:4 | Noticed a caustic shrike
110642 | Depths:4 | Identified the +6 great sword "Wuytiy" {venom, rPois} (You
                  | found it on level 4 of the Depths)
110693 | Depths:4 | Learned a level 8 spell: Chain Lightning
110725 | Depths:4 | Reached XP level 21. HP: 193/194 MP: 26/41
112453 | Depths:5 | Entered Level 5 of the Depths
113055 | Depths:5 | Noticed a juggernaut
113813 | Depths:5 | Found a gateway to a ziggurat.
113938 | Depths:5 | Noticed a golden dragon
113950 | Depths:5 | Killed a golden dragon
113976 | Depths:5 | Killed a juggernaut
113976 | Depths:5 | Reached skill level 15 in Conjurations
114430 | Vaults:1 | Killed Tungsten's ghost
114430 | Vaults:1 | Reached skill level 19 in Fighting
115853 | Elf:2    | Bought a book of the Warp for 1710 gold pieces
116196 | Depths:3 | Bought a potion of haste for 200 gold pieces
116196 | Depths:3 | Bought 2 potions of magic for 320 gold pieces
116196 | Depths:3 | Bought a potion of haste for 200 gold pieces
116196 | Depths:3 | Bought a potion of heal wounds for 100 gold pieces
116196 | Depths:3 | Bought a potion of heal wounds for 100 gold pieces
116196 | Depths:3 | Bought a potion of haste for 200 gold pieces
116756 | Depths:5 | Found a gate to the Realm of Zot.
117445 | Elf:2    | Reached skill level 5 in Translocations
118539 | Crypt:1  | Entered Level 1 of the Crypt
119263 | Orc:2    | Bought a ration for 65 gold pieces
119263 | Orc:2    | Bought a ration for 65 gold pieces
119263 | Orc:2    | Bought a ration for 65 gold pieces
119263 | Orc:2    | Bought a ration for 65 gold pieces
119263 | Orc:2    | Bought a ration for 65 gold pieces
120308 | Slime:1  | Entered Level 1 of the Pits of Slime
120310 | Slime:1  | Gained mutation: Your magical capacity is low. (-10% MP) [a
                  | shining eye]
121572 | Slime:4  | Reached XP level 22. HP: 168/206 MP: 18/38
121929 | Slime:5  | Entered Level 5 of the Pits of Slime
122943 | Slime:5  | Found a viscous altar of Jiyva.
123069 | Slime:5  | Noticed the Royal Jelly
123086 | Slime:5  | Killed the Royal Jelly
124321 | Slime:5  | Got a slimy rune of Zot
124322 | Slime:5  | Identified the ring "Eddeil" {rPois Str+4 Int+2} (You found
                  | it on level 5 of the Pits of Slime)
124357 | Slime:5  | Identified the Catalogue of Moulding
124768 | Orc:2    | Bought a ration for 65 gold pieces
124768 | Orc:2    | Bought a ration for 65 gold pieces
124768 | Orc:2    | Bought a ration for 65 gold pieces
124768 | Orc:2    | Bought a ration for 65 gold pieces
124768 | Orc:2    | Bought a ration for 65 gold pieces
124774 | Orc:2    | Learned a level 5 spell: Iskenderun's Battlesphere
124783 | Orc:2    | Learned a level 6 spell: Dispersal
125211 | Zot:1    | Entered Level 1 of the Realm of Zot
125612 | Zot:1    | Reached skill level 5 in Evocations
126228 | Zot:1    | Noticed an orb of fire
126243 | Zot:1    | Gained mutation: You expend magic power (3 MP) to
                  | strengthen your wands. [an orb of fire]
126559 | Zot:1    | HP: 4/209 [quicksilver dragon (7)]
126560 | Zot:1    | Killed from afar by a yellow draconian

Levels and vault maps discovered:
D:1:      lightli_arrival_chessboard, layout_basic
D:2:      layout_rooms, uniq_robin, uniq_natasha, uniq_terence
D:3:      layout_basic, old_standard_altar, kennysheep_decorative_pillar,
          uniq_ijyb, uniq_sigmund
D:4:      layout_loops_ring, first_ration
D:5:      layout_rooms, minmay_temple_entry_wispy,
          chequers_serial_rivers_micro_d, serial_bayou_pond_b,
          hangedman_abyss_or_decor_stagger, grunt_dithmenos_smoke_and_mirrors,
          uniq_blork_the_orc
D:6:      layout_loops_ring, okawaru_trees_1, serial_shops,
          nicolae_shop_temple_entry_statues_fountains, shop,
          kennysheep_generic_room_5, uniq_pikel, uniq_duvessa,
          uniq_crazy_yiuf_cottage
D:7:      layout_basic, chequers_temple_overflow_statue_of_worship
D:8:      layout_basic
D:9:      layout_stronghold, old_standard_altar, david_orc_3
D:10:     layout_irregular_city, serial_shops, kennysheep_little_box
D:11:     minmay_firetagon, layout_irregular_city,
          grunt_lair_entry_orc_guard_hut, portal_ice_cave_demonic_guard,
          hangedman_little_slice_of_home
D:12:     layout_basic, basic_altar, hangedman_decor_riveting,
          minmay_shop_enchanted_jewellery, st_stairs_11,
          small_statue_intersection, hangedman_decor_diamond_cutter,
          bh_hangedman_babel_library
D:13:     layout_roguey, enter_bailey_2
D:14:     layout_irregular_city, ximxim_vaults_locker_room, ashenzari_altar_1,
          minmay_orc_keep
D:15:     hangedman_depths_entry_civil_slaughter, layout_cave_pools,
          nrook_mini_vaults, minmay_dual_archer_statues
Temple:   minmay_crystal_spiral_temple
Lair:1:   layout_small_grid, maelrawn_ghost_gauntlet_escape, uniq_fannar
Lair:2:   layout_cave_pods, serial_bayou_shore_a
Lair:3:   layout_regular_city, nicolae_spider_entry_tight_spaces,
          bobbens_dragon_lair_wall, infiniplex_staircase_pool_2,
          grunt_megastairs_3, uniq_urug, uniq_sonja
Lair:4:   layout_regular_city, nicolae_swamp_entry_splash_gauntlet, uniq_snorg
Lair:5:   pond_and_an_island_with_a_cottage, layout_layer_cave, slime_dummy
Lair:6:   wormcave, layout_gridlike, hangedman_lair_tendril_chambers,
          basic_altar
Swamp:1:  layout_basic_swamp, gammafunk_ghost_hydra_chop, basic_altar,
          infiniplex_staircase_pool
Swamp:2:  layout_basic_swamp, nicolae_swamp_dense_foliage, swamp_pool5
Swamp:3:  cheibrodos_swamp_monstrosity, layout_basic_swamp, serial_swamp_ruin,
          evilmike_swamp_ruin_house_6, evilmike_swamp_ruin_house_1,
          evilmike_swamp_ruin_rubble_2
Swamp:4:  swamp_icy, layout_basic_swamp, swamp_pool5
Spider:1: layout_spider_delve
Spider:2: layout_spider_delve, hangedman_stitches_earthworm, uniq_frances,
          uniq_kirke
Spider:3: layout_chambers, uniq_roxanne
Spider:4: spider_rune_water, uniq_louise, uniq_mara
Slime:1:  layout_caves
Slime:2:  layout_caves
Slime:3:  layout_caves
Slime:4:  layout_caves
Slime:5
Orc:1:    layout_caves, gammafunk_ghost_wrathful_warriors, guppyfry_library_mini
Orc:2:    st_orc_open, layout_caves, nooodl_orcs_dogs
Elf:1:    layout_geoelf_octagon, portal_desolation_entry_nicolae_slug,
          orc_legates, st_stairs_6, dk_noncrumbling_3
Elf:2:    layout_loops_corners, serial_shops, shop
Vaults:1: gammafunk_vaults_ghost_fury_of_okawaru,
          ontoclasm_vaults_loading_screen, v_rooms_2, vaults_room_large_hall,
          vaults_mumra_minichess, dpeg_vaults_monster_row,
          vaults_room_fancy_cross, hangedman_vaults_pinch, vaults_mumra_hexcomb,
          vaults_mumra_hex, hangedman_vaults_corner_blocks, grunt_vaults_focal,
          ontoclasm_vaults_loading_screen, vaults_dpeg_diagonal,
          layout_vaults_ring, serial_shops,
          nicolae_shop_competitors_out_of_business
Vaults:2: grunt_vaults_hallway_short, vaults_room_grid, v_misc_28, v_pattern_5,
          nicolae_vaults_twisting_passages, serial_ice_h,
          ontoclasm_vaults_ring_small, ontoclasm_vaults_shuriken,
          nicolae_vaults_mini_display_case, layout_vaults_big_room, uniq_sojobo,
          uniq_mennas
Vaults:3: minmay_crypt_entry_necro_gods, hangedman_vaults_trim,
          nicolae_vaults_network_s, grunt_vaults_twisty,
          nicolae_vaults_windows_and_doors_thing,
          nicolae_vaults_little_squares_1, nicolae_vaults_ring_of_whatevers,
          ontoclasm_vaults_decontamination, v_misc_14, hangedman_vaults_locks,
          vaults_room_octagon, hangedman_vaults_trim, layout_vaults_maze_snakey,
          basic_altar
Vaults:4: advil_vaults_ghost_lines, hangedman_vaults_river_flow,
          vaults_dpeg_doors, vaults_room_fours, vaults_mumra_lcd, st_lattice,
          layout_vaults_quadrants
Crypt:1:  layout_chaotic_city, st_shrine_of_skulls, grunt_crypt_arrival_split
Depths:1: layout_cave_pools, hell_entry, minmay_holes, abyss_entry_flame_altar,
          hangedman_aerie_drop, minmay_shop_grove
Depths:2: gammafunk_jiyva_shrine, layout_gridlike,
          chequers_serial_rivers_micro_d, hell_entry,
          lightli_enter_wizlab_magi_temple, serial_bayou_pond_d,
          serial_bayou_shore_b
Depths:3: regret_index_qazlal_generations, layout_gridville, serial_shops,
          nicolae_shop_statue_plus, pan_entry, hell_entry, st_stairs_14
Depths:4: radiant_caverns_a_rkd, pan_entry, hell_entry, abyss_entry
Depths:5: grunt_zot_entry_hairpin, layout_basic, enter_ziggurat_f, pan_entry,
          hell_entry
Zot:1:    layout_gridlike, hangedman_elemental_grid_stream

Skill      XL: |  1  2  3  4  5  6  7  8  9 10 11 12 13 14 15 16 17 18 19 20 21 22 |
---------------+-------------------------------------------------------------------+-----
Fighting       | 1 2 3 4 5 6 8 9 10 11 12 13 14 15 16 17 18 19 | 19.9
Conjurations   | 5 6 7 8 9 11 12 13 14 15 | 15.2
Spellcasting   | 3 4 5 6 7 8 9 10 11 12 13 14 15 16 17 | 17.6
Hexes          | 2 5 6 |  6.0
Invocations    | 1 3 6 7 10 12 | 12.0
Dodging        | 3 5 6 8 10 | 10.0
Shields        | 2 4 |  4.0
Air Magic      | 3 7 8 11 13 14 15 17 | 17.0
Fire Magic     | 3 9 11 13 16 | 16.6
Evocations     | 3 4 5 |  5.7
Translocations | 3 6 9 |  9.1
Stealth        | |  1.7

Action                   |  1- 3 |  4- 6 |  7- 9 | 10-12 | 13-15 | 16-18 | 19-21 | 22-24 || total
-------------------------+-------+-------+-------+-------+-------+-------+-------+-------++-------
Melee: Club              |    12 |       |       |       |       |       |       |       ||    12
       Short sword       |     3 |       |       |       |       |       |       |       ||     3
       Tailslap          |     1 |     1 |     3 |    11 |     3 |     2 |       |     1 ||    22
       Long sword        |       |     1 |    14 |       |       |       |       |       ||    15
       Whip              |       |       |    38 |       |       |       |       |       ||    38
       Double sword      |       |       |       |    33 |       |       |       |       ||    33
       Staff             |       |       |       |     2 |    10 |    15 |     3 |     5 ||    35
 Fire: Hunting sling     |       |       |       |       |     3 |       |       |       ||     3
Throw: Dart              |       |     3 |       |     5 |       |       |     3 |       ||    11
       Stone             |       |       |       |       |       |       |     1 |       ||     1
 Cast: Magic Dart        |    79 |   110 |   268 |   367 |  1310 |   840 |       |       ||  2974
       Searing Ray       |     3 |     7 |     2 |     8 |     2 |       |       |       ||    22
       Iskenderun's Myst |       |     6 |    22 |   102 |   171 |   338 |   745 |   212 ||  1596
       Fulminant Prism   |       |       |    12 |   100 |   145 |    66 |    25 |       ||   348
       Conjure Flame     |       |       |       |     2 |     6 |    50 |    15 |       ||    73
       Mephitic Cloud    |       |       |       |     9 |     8 |     4 |       |       ||    21
       Sticky Flame      |       |       |       |     3 |    20 |    58 |    16 |     2 ||    99
       Summon Lightning  |       |       |       |     2 |   195 |   215 |    99 |     4 ||   515
       Apportation       |       |       |       |       |    69 |    67 |    29 |    37 ||   202
       Cause Fear        |       |       |       |       |     5 |       |       |       ||     5
       Blink             |       |       |       |       |     9 |    14 |     3 |     1 ||    27
       Passage of Golubr |       |       |       |       |     1 |     3 |     2 |       ||     6
       Freezing Cloud    |       |       |       |       |       |    45 |    33 |     3 ||    81
       Shock             |       |       |       |       |       |   393 |   670 |     1 ||  1064
       Airstrike         |       |       |       |       |       |     6 |       |       ||     6
       Ignition          |       |       |       |       |       |       |    55 |    10 ||    65
       Chain Lightning   |       |       |       |       |       |       |    25 |     1 ||    26
       Iskenderun's Batt |       |       |       |       |       |       |       |    13 ||    13
       Dispersal         |       |       |       |       |       |       |       |     2 ||     2
Invok: Shadow Form       |       |       |       |       |       |     1 |     1 |     1 ||     3
 Abil: Breathe Lightning |       |       |    13 |     5 |     9 |     5 |    13 |     4 ||    49
       Fly               |       |       |       |       |     1 |     3 |     3 |     1 ||     8
       Stop Flying       |       |       |       |       |       |     3 |     4 |       ||     7
       End Transformatio |       |       |       |       |       |       |     1 |       ||     1
Evoke: Wand              |       |       |       |     1 |     6 |    14 |     4 |     3 ||    28
       Phantom mirror    |       |       |       |       |       |     1 |       |     1 ||     2
       Crystal ball of e |       |       |       |       |       |       |       |     1 ||     1
  Use: Potion            |     3 |       |     4 |     3 |     2 |     6 |     8 |     7 ||    33
       Scroll            |       |     6 |    10 |     9 |    18 |    13 |    20 |    10 ||    86
 Stab: Sleeping          |     1 |       |     2 |     3 |       |       |       |       ||     6
  Eat: Chunk             |     5 |    10 |    22 |    43 |    68 |    53 |    60 |     3 ||   264
       Ration            |       |     1 |     2 |     4 |    12 |    19 |    24 |     5 ||    67
Armor: Skin              |    13 |     4 |    45 |    72 |   151 |   246 |   124 |    41 ||   696
Dodge: Dodged            |    43 |    21 |   111 |   182 |   665 |   811 |   499 |   137 ||  2469
       Deflected         |       |       |     7 |     7 |    24 |    41 |    84 |    12 ||   175
Block: Other             |       |       |    45 |    18 |       |       |       |       ||    63
       Reflection        |       |       |     3 |    17 |     9 |    59 |    85 |    12 ||   185
       Buckler           |       |       |       |   130 |   235 |   401 |   255 |    69 ||  1090
       Rpst.: Long sword |       |     7 |     9 |       |       |       |       |       ||    16
       Double sword      |       |       |       |    35 |       |       |       |       ||    35
